 Dungeon Crawl Stone Soup version 0.30-a0-269-gf0224bf7b6 (webtiles) character file.

Game seed: 7565817928075359765

27832 ragingrage the Brawler (level 13, -6/127 HPs)
             Began as a Troll Fighter on Oct 14, 2022.
             Was a Believer of Ru.
             Mangled by a five-headed hydra (9 damage)
             ... on level 3 of the Lair of Beasts.
             The game lasted 00:14:31 (12253 turns).

ragingrage the Brawler (Troll Fighter)             Turns: 12253, Time: 00:14:32

Health: -6/127     AC:  9    Str: 31    XL:     13   Next: 6%
Magic:  12/12      EV:  8    Int: 10    God:    Ru [**....]
Gold:   1912       SH: 10    Dex:  9    Spells: 10/12 levels left

rFire   + . .      SeeInvis .    L - +4 scimitar (flame)
rCold   . . .      Faith    .    b - +1 kite shield
rNeg    . . .      Spirit   .    A - +0 troll leather armour
rPois   .          Reflect  .    J - +0 hat {Stlth+}
rElec   .          Harm     .    M - +2 cloak of the Furies {rF+}
rCorr   .          Rampage  .    (gloves unavailable)
Will    .....                    (boots unavailable)
Stlth   ..........               D - amulet of magic regeneration
HPRegen 2.01/turn                E - +6 ring of intelligence
MPRegen 0.53/turn                (no ring)

@: no status effects
A: large, unfitting armour, claws 3, regeneration 1, shaggy fur 1, tough skin 1,
no stealth, inability to train dodging
a: Renounce Religion


You were on level 3 of the Lair of Beasts.
You worshipped Ru.
Ru was pleased with you.
You visited 3 branches of the dungeon, and saw 15 of its levels.

You collected 1912 gold pieces.

Inventory:

Hand Weapons
 L - a +4 scimitar of flaming (weapon)
Missiles
 x - 14 boomerangs (quivered)
 y - a throwing net
 G - 5 atropa-tipped darts
 N - 3 javelins
 O - 14 poisoned darts
Armour
 b - a +1 kite shield (worn)
 i - a +2 robe of willpower
 A - a +0 troll leather armour (worn)
 J - a +0 hat of stealth (worn)
 K - +0 acid dragon scales
 M - the +2 cloak of the Furies (worn) {rF+}
   (You acquired it on level 2 of the Lair of Beasts)

   rF:        It protects you from fire.
Jewellery
 D - an amulet of magic regeneration (around neck)
 E - a +6 ring of intelligence (left claw)
Wands
 d - a wand of polymorph (7)
 m - a wand of quicksilver (5)
 w - a wand of mindburst (24)
 B - a wand of roots (10)
 H - a wand of charming (6)
 I - a wand of flame (25)
Scrolls
 e - 12 scrolls of teleportation
 h - 4 scrolls of blinking
 k - 2 scrolls of amnesia
 n - 2 scrolls of magic mapping
 q - a scroll of enchant armour
 u - 2 scrolls of silence
 v - a scroll of summoning
Potions
 a - 7 potions of brilliance
 c - 5 potions of might
 f - 4 potions of lignification
 g - a potion of invisibility
 j - a potion of heal wounds
 l - 7 potions of curing
 o - 4 potions of magic
 p - 2 potions of flight {unknown}
 r - a potion of berserk rage {unknown}
 s - 2 potions of resistance
 t - 2 potions of cancellation {unknown}
 z - 4 potions of attraction
 C - 3 potions of ambrosia
 F - 2 potions of degeneration {unknown}
Miscellaneous
 P - a tin of tremorstones (2/2)


   Skills:
 + Level 7.7 Fighting
 - Level 6.0 Throwing
 + Level 3.0 Armour
 + Level 8.4 Shields
 * Level 16.6 Unarmed Combat


You had 10 spell levels left.
You knew the following spells:

 Your Spells              Type           Power      Damage    Failure   Level
a - Wereblood             Tmut           0%         N/A       77%         2

Your spell library contained the following spells:

 Spells                   Type           Power      Damage    Failure   Level
 Sandblast                Erth           0%         2d4       63%         1
 Passwall                 Tmut/Erth      0%         N/A       77%         2
 Sublimation of Blood     Necr           0%         N/A       77%         2
 Stone Arrow              Conj/Erth      0%         3d7       94%         3
 Airstrike                Air            0%         2d(0-16)  100%        4
 Petrify                  Tmut/Erth      0%         N/A       100%        4
 Summon Lightning Spire   Summ/Air       0%         N/A       100%        4
 Irradiate                Conj/Tmut      0%         3d11      100%        5
 Lightning Bolt           Conj/Air       0%         1d11      100%        5
 Summon Hydra             Summ           0%         N/A       100%        7


Dungeon Overview and Level Annotations

Branches:
Dungeon (11/15)            Temple (1/1) D:4            Lair (3/5) D:11
  Swamp (0/4) Lair:2        Snake (0/4) Lair:2          Orc (0/2) D:11

Altars:
Ashenzari
Cheibriados
Dithmenos
Elyvilon
Fedhas
Gozag
Hepliaklqana
Kikubaaqudgha
Makhleb
Nemelex Xobeh
Okawaru
Qazlal
Ru
Sif Muna
Trog
Uskayaw
Vehumet
Wu Jian
Xom
Yredelemnul
Zin
The Shining One

Shops:
D:1 (

Annotations:
D:4 2 runed translucent doors, Crazy Yiuf; snackwell's ghost, amateur AtWr
D:7 exclusion: downstairs


Innate Abilities, Weirdness & Mutations

You are too large for most types of armour.
You have claws for hands.
Your natural rate of healing is unusually fast.
You are covered in fur. (AC +1)
You have tough skin. (AC +1)
You cannot be stealthy.
You cannot train Dodging skill.


Message History

The six-headed hydra bites you but does no damage.
You block the six-headed hydra's attack. x2
The six-headed hydra bites you. The six-headed hydra barely misses you.
The six-headed hydra bites you but does no damage.
The six-headed hydra bites you!
The six-headed hydra bites you but does no damage. x2
You block the six-headed hydra's attack.
The six-headed hydra bites you but does no damage.
The six-headed hydra bites you!
You slice one of the six-headed hydra's heads off!
The flame cauterises the wound!
You slash the five-headed hydra! You burn the five-headed hydra.
The five-headed hydra is heavily wounded.
The blink frog barely misses you.
A blink frog comes into view.
You block the blink frog's attack.
The blink frog hits the plant!!
The plant begins to die.
The blink frog blinks!
The five-headed hydra bites you. x2
You block the five-headed hydra's attack.
The five-headed hydra bites you but does no damage.
The five-headed hydra bites you!
* * * LOW HITPOINT WARNING * * *
The blink frog moves out of view.
You hear a loud, deep croak!
You barely miss the five-headed hydra.
The five-headed hydra is heavily wounded.
You block the blink frog's attack. The five-headed hydra bites you!
* * * LOW HITPOINT WARNING * * *
The five-headed hydra closely misses you.
The five-headed hydra bites you but does no damage.
You block the five-headed hydra's attack. x2
The blink frog hits you!
* * * LOW HITPOINT WARNING * * *
The five-headed hydra bites you.
* * * LOW HITPOINT WARNING * * *
The five-headed hydra bites you.
* * * LOW HITPOINT WARNING * * *
The five-headed hydra bites you but does no damage.
The five-headed hydra bites you!
You die...

P.... P..... ....
...................
....##P.................
........................
.F..... ......P##....P.
.?... ..............
#...#####..#...#...#.
##.##.D#.#....#P..#.##..
......F@................
#....#.###.##...####.##.
### ## #.###### #####
###


You could see a five-headed hydra and 2 blink frogs.

Vanquished Creatures
  Gastronok (D:7)
  Harold (D:9)
  Erica (D:9)
  Erolcha (D:9)
  4 two-headed ogres
  2 boulder beetles
  Amaemon (D:8)
  2 ugly things (D:11)
  A black mamba (Lair:2)
  4 elephants (Lair:2)
  3 cane toads
  Maggie (Lair:2)
  2 torpor snails (Lair:1)
  An orange demon (D:8)
  Joseph (D:7)
  A rime drake (Lair:2)
  An unseen horror (D:11)
  A komodo dragon (Lair:1)
  4 trolls
  Prince Ribbit (D:8)
  Grinder (D:6)
  A polar bear (Lair:2)
  A spriggan (D:7)
  41 yaks
  3 wraiths
  3 wyverns
  4 shadows (D:11)
  2 steam dragons
  3 acid dragons
  4 nagas
  7 water moccasins
  4 orc warriors (D:11)
  2 sky beasts
  A black bear (D:4)
  An ice beast (D:5)
  An ogre (D:6)
  4 centaurs
  A kobold brigand (D:10)
  12 bullfrogs
  A necrophage (D:6)
  A scorpion (D:4)
  3 wyvern zombies (D:7)
  2 gnoll sergeants
  20 wights
  2 howler monkeys
  3 centaur zombies (D:7)
  4 jellies
  5 orc priests
  A hound (D:6)
  A human zombie (D:7)
  6 iguanas
  Jessica (D:2)
  Terence (D:3)
  8 orc wizards
  Natasha (twice) (D:2)
  Robin (D:2)
  3 howler monkey zombies (D:7)
  9 gnolls
  7 adders
  A shadow imp (D:8)
  4 white imps
  27 orcs
  5 ball pythons
  9 endoplasms
  9 giant cockroaches
  4 hobgoblins
  3 quokkas
  9 bats
  2 frilled lizards (D:2)
  17 goblins
  16 kobolds
  5 rats
322 creatures vanquished.

Vanquished Creatures (others)
  13 fungi (Lair:2)
  12 plants (Lair:2)
25 creatures vanquished.

Grand Total: 347 creatures vanquished

Notes
Turn   | Place    | Note
-------+----------+-------------------------------------------
     0 | D:1      | ragingrage the Troll Fighter began the quest for the Orb.
     0 | D:1      | Reached XP level 1. HP: 22/22 MP: 0/0
   215 | D:1      | Found Keamoisu's Weapon Shop.
   255 | D:1      | Reached XP level 2. HP: 29/29 MP: 1/1
   376 | D:1      | Reached skill level 3 in Unarmed Combat
   770 | D:2      | Noticed Jessica
   785 | D:2      | Killed Jessica
   786 | D:2      | Reached skill level 4 in Unarmed Combat
   786 | D:2      | Reached XP level 3. HP: 36/36 MP: 2/2
   854 | D:2      | Identified the +2 pair of gloves of the King of the Hill
                  | {Rampage +Blink rF+++ Dex-2}
   894 | D:2      | Noticed Robin
  1066 | D:2      | Noticed Natasha
  1066 | D:2      | Noticed Terence
  1068 | D:2      | Reached XP level 4. HP: 44/44 MP: 3/3
  1090 | D:3      | Killed Terence
  1124 | D:3      | Reached skill level 5 in Unarmed Combat
  1381 | D:2      | Killed Robin
  1402 | D:2      | Killed Natasha
  1403 | D:2      | Reached XP level 5. HP: 47/50 MP: 4/4
  1430 | D:2      | Noticed Natasha
  1436 | D:2      | Killed Natasha
  1499 | D:2      | Found an iron altar of Okawaru.
  1712 | D:3      | Noticed a centaur
  1723 | D:3      | Killed a centaur
  1724 | D:3      | Reached skill level 6 in Unarmed Combat
  1724 | D:3      | Reached XP level 6. HP: 43/59 MP: 5/5
  1838 | D:4      | Reached skill level 7 in Unarmed Combat
  2029 | D:4      | Found a runed translucent door.
  2040 | D:4      | Noticed snackwell's ghost (amateur AtWr)
  2099 | D:4      | Found a staircase to the Ecumenical Temple.
  2106 | Temple   | Entered the Ecumenical Temple
  2337 | D:4      | Found a runed translucent door.
  2338 | D:4      | Noticed Crazy Yiuf
  2410 | D:3      | Found a white marble altar of Elyvilon.
  2630 | D:3      | Reached XP level 7. HP: 54/66 MP: 6/6
  2928 | D:5      | Entered Level 5 of the Dungeon
  2928 | D:5      | Found a glowing golden altar of the Shining One.
  2933 | D:4      | Reached skill level 8 in Unarmed Combat
  3074 | D:5      | Reached skill level 9 in Unarmed Combat
  3398 | D:5      | Reached XP level 8. HP: 65/74 MP: 7/7
  3818 | D:5      | Identified a scroll of acquirement
  3820 | D:5      | Acquired 956 gold pieces
  3848 | D:6      | Found a blossoming altar of Fedhas.
  3877 | D:6      | Found a stormy altar of Qazlal.
  3911 | D:6      | Reached skill level 10 in Unarmed Combat
  4020 | D:6      | Found a glowing silver altar of Zin.
  4210 | D:6      | Found an iron altar of Okawaru.
  4281 | D:6      | Found a hide-covered altar of Uskayaw.
  4665 | D:5      | Found a basalt altar of Yredelemnul.
  4861 | D:6      | Noticed Grinder
  4870 | D:6      | Killed Grinder
  4871 | D:6      | Reached skill level 11 in Unarmed Combat
  5098 | D:7      | Found an ancient bone altar of Kikubaaqudgha.
  5125 | D:7      | Reached XP level 9. HP: 62/78 MP: 8/8
  5148 | D:7      | Reached skill level 12 in Unarmed Combat
  5396 | D:7      | Noticed Joseph
  5504 | D:7      | Learned a level 2 spell: Wereblood
  5793 | D:7      | Reached skill level 1 in Throwing
  5921 | D:8      | Reached skill level 1 in Armour
  5970 | D:8      | Noticed Gastronok
  5995 | D:7      | Killed Joseph
  6172 | D:7      | Noticed a two-headed ogre
  6172 | D:7      | Noticed a two-headed ogre
  6186 | D:7      | Killed a two-headed ogre
  6187 | D:7      | Reached XP level 10. HP: 82/91 MP: 9/9
  6190 | D:7      | Killed a two-headed ogre
  6260 | D:7      | Found the +12 pair of quick blades "Gyre" and "Gimble"
                  | {protect}
  6463 | D:8      | Noticed an orange demon
  6464 | D:8      | Noticed Amaemon
  6626 | D:8      | Reached skill level 13 in Unarmed Combat
  6765 | D:9      | Noticed a two-headed ogre
  6769 | D:9      | Killed a two-headed ogre
  6869 | D:8      | Noticed Prince Ribbit
  6908 | D:9      | Noticed Harold
  6925 | D:9      | Killed Harold
  7067 | D:9      | Found a sacrificial altar of Ru.
  7067 | D:9      | Noticed Erica
  7071 | D:9      | Noticed Erolcha
  7080 | D:9      | Killed Erica
  7081 | D:9      | Reached skill level 5 in Shields
  7082 | D:9      | Killed Erolcha
  7083 | D:9      | Reached XP level 11. HP: 62/101 MP: 10/10
  7089 | D:9      | Became a worshipper of Ru the Awakened
  7181 | D:9      | Found an opulent altar of Gozag.
  7263 | D:9      | Reached skill level 5 in Fighting
  7352 | D:9      | Reached skill level 14 in Unarmed Combat
  8011 | D:8      | Reached skill level 5 in Throwing
  8021 | D:8      | Killed Prince Ribbit
  8258 | D:7      | Killed Gastronok
  8299 | D:8      | Killed Amaemon
  8582 | D:10     | Entered Level 10 of the Dungeon
  8728 | D:10     | Gained mutation: You cannot train Dodging skill. [Ru
                  | sacrifice]
  8728 | D:10     | Reached * piety under Ru
  8862 | D:10     | Identified the +1 leather armour of Card Tricks {Int+4}
  8944 | D:10     | Noticed a two-headed ogre
  8956 | D:10     | Killed a two-headed ogre
  9059 | D:10     | Found a sparkling altar of Nemelex Xobeh.
  9456 | D:11     | Found a staircase to the Lair.
  9475 | D:11     | Noticed a green ugly thing
  9489 | D:11     | Killed a green ugly thing
  9553 | D:10     | Reached skill level 15 in Unarmed Combat
  9561 | D:10     | Reached XP level 12. HP: 107/114 MP: 11/11
  9727 | D:11     | Found a staircase to the Orcish Mines.
  9839 | D:11     | Noticed a boulder beetle
  9878 | D:11     | Killed a boulder beetle
 10083 | Lair:1   | Entered Level 1 of the Lair of Beasts
 10984 | Lair:1   | Reached skill level 16 in Unarmed Combat
 11118 | Lair:1   | Gained mutation: You cannot be stealthy. [Ru sacrifice]
 11118 | Lair:1   | Reached ** piety under Ru
 11152 | Lair:2   | Found a staircase to the Snake Pit.
 11168 | Lair:2   | Found a staircase to the Swamp.
 11390 | Lair:2   | Noticed Maggie
 11405 | Lair:2   | Killed Maggie
 11411 | Lair:2   | Acquired the +2 cloak of the Furies {rF+}
 11600 | Lair:2   | Found a shadowy altar of Dithmenos.
 11635 | Lair:2   | Noticed a boulder beetle
 11643 | Lair:2   | Killed a boulder beetle
 11644 | Lair:2   | Reached XP level 13. HP: 93/127 MP: 12/12
 12253 | Lair:3   | HP: 3/127 [five-headed hydra (4)]
 12253 | Lair:3   | Mangled by a five-headed hydra

Illustrated notes

Levels and vault maps discovered:
D:1:      dpeg_arrival_castle, layout_loops_ring, serial_shops, shop
D:2:      layout_rooms, basic_altar, chequers_serial_rivers_small_a,
          minmay_vboxes, uniq_natasha, uniq_robin, uniq_terence, uniq_jessica
D:3:      layout_rooms, elyvilon_altar_5
D:4:      nicolae_cairo_tiling_large_dashed, layout_rooms,
          minmay_temple_entry_grid, hellmonk_ghost_happy_afterlife,
          uniq_crazy_yiuf_cottage
D:5:      kennysheep_spiral_hall, layout_gridville,
          mainiacjoe_overflow_tiny_flanked, mainiacjoe_overflow_alcove_2
D:6:      layout_basic, nicolae_qazlal_general_emergency, zin_academy,
          fedhas_altar_2, minitemple, uniq_grinder
D:7:      layout_rooms, lemuel_mausoleum_altar_kikubaaqudgha,
          hellmonk_guarded_unrand_gyre_and_gimble, uniq_joseph
D:8:      layout_cave_pools, minmay_misc_feat_tower, uniq_prince_ribbit1,
          uniq_amaemon, uniq_gastronok
D:9:      layout_loops_ring, nicolae_ru_great_annihilating_truth,
          mainiacjoe_overflow_paths, uniq_erolcha, uniq_harold, uniq_erica
D:10:     layout_loops_cross, nemelex_diamond_rough_becter
D:11:     minmay_the_grid_triangle_9x9_rhombus_full_mashed
          [minmay_the_grid_triangle_9x9_impossible_snake,
          minmay_the_grid_triangle_9x9_corruption,
          minmay_the_grid_triangle_9x9_thin_v,
          minmay_the_grid_triangle_9x9_swiss_cheese,
          minmay_the_grid_triangle_9x9_checkered,
          minmay_the_grid_triangle_9x9_empty,
          minmay_the_grid_triangle_9x9_steps,
          minmay_the_grid_triangle_9x9_prize_schism], layout_cross, david_orc_2,
          minmay_fractal_squares_gapless_5
Temple:   hellmonk_temple_beads
Lair:1:   layout_cave_pods, grunt_forest_small_clearing_treed
Lair:2:   layout_loops_ring, swamp_mist_pool,
          minmay_snake_entry_guardpost_small, basic_altar, nzn_sisyphean_effort,
          uniq_maggie
Lair:3:   layout_long_grid, grunt_megastairs_1, serial_bayou_shore_a,
          serial_bayou_shore_b, infiniplex_staircase_pool_2, uniq_josephine

Skill      XL: |  1  2  3  4  5  6  7  8  9 10 11 12 |
---------------+-------------------------------------+-----
Unarmed Combat | 4 5 6 7 9 11 12 13 15 16 | 16.6
Shields        | 3 5 6 8 |  8.4
Throwing       | 2 4 5 6 |  6.0
Armour         | 2 3 |  3.0
Fighting       | 3 4 6 7 |  7.7
Dodging        | 3 4 0 |  0.0

Action                   |  1- 3 |  4- 6 |  7- 9 | 10-12 | 13-15 || total
-------------------------+-------+-------+-------+-------+-------++-------
Melee: Unarmed           |    84 |   120 |   209 |   538 |    20 ||   971
       Scimitar          |       |       |       |       |     5 ||     5
Throw: Dart              |       |       |     2 |     5 |       ||     7
       Boomerang         |       |       |       |    12 |     1 ||    13
 Cast: Wereblood         |       |       |     1 |       |       ||     1
Invok: Sacrifice Nimblen |       |       |       |     1 |       ||     1
       Sacrifice Stealth |       |       |       |     1 |       ||     1
Evoke: Wand              |       |       |     3 |     2 |       ||     5
  Use: Scroll            |       |     3 |    14 |     6 |       ||    23
       Potion            |       |     1 |     2 |     4 |       ||     7
 Stab: Sleeping          |     2 |       |       |     1 |       ||     3
       Distracted        |       |       |       |     1 |       ||     1
Armor: Robe              |    19 |       |    64 |    19 |       ||   102
       Skin              |     6 |    26 |       |    14 |       ||    46
       Troll leather arm |       |       |       |    72 |    22 ||    94
Dodge: Dodged            |    40 |    48 |    68 |   131 |     7 ||   294
Block: Kite shield       |    34 |    51 |    75 |   177 |    19 ||   356

Table legend: (Time is in decaauts)
 A = Elapsed time spent in this place.
 B = Non-inter-level travel time spent in this place.
 C = Inter-level travel time spent in this place.
 D = Time resting spent in this place.
 E = Time spent auto-exploring this place.
 F = Levels seen in this place.
 G = Mean time per level.
                   A        B        C        D        E       F      G
               +--------+--------+--------+--------+--------+-----+--------+
         Total |  12287 |  11450 |    837 |   1739 |   7163 |  15 |  819.1 |
       Dungeon |  10026 |   9225 |    801 |   1644 |   5444 |  11 |  911.5 |
        Temple |    110 |     95 |     15 |      0 |     82 |   1 |  110.0 |
          Lair |   2150 |   2129 |     21 |     94 |   1637 |   3 |  716.7 |
               +--------+--------+--------+--------+--------+-----+--------+

Top non-repeatable levels by time:
     D:7: 1527 daAuts
     D:6: 1234 daAuts
     D:9: 1170 daAuts
  Lair:2: 1011 daAuts
  Lair:1: 1010 daAuts
    D:10: 953 daAuts
     D:3: 910 daAuts
     D:5: 884 daAuts
     D:8: 835 daAuts
     D:1: 756 daAuts
     D:2: 652 daAuts
     D:4: 592 daAuts
    D:11: 510 daAuts
  Lair:3: 128 daAuts
  Temple: 110 daAuts
